 Dungeon Crawl Stone Soup version 0.30-a0-743-gbfdf073431 (webtiles) character file.

Game seed: 16539290886786819371

39 Lavandula the Slasher (level 3, -3/29 HPs)
             Began as a Human Monk on Feb 7, 2023.
             Slain by Terence
             ... wielding a +1 short sword of venom
              (4 damage)
             ... on level 3 of the Dungeon.
             The game lasted 00:02:35 (1700 turns).

Lavandula the Slasher (Human Monk)                  Turns: 1700, Time: 00:02:36

Health: -3/29      AC:  5    Str: 13    XL:     3   Next: 67%
Magic:  3/3        EV: 11    Int: 10    God:
Gold:   126        SH:  0    Dex: 15    Spells: 2/2 levels left

rFire   . . .      SeeInvis .    e - +2 dagger (vamp)
rCold   . . .      Faith    +    (no shield)
rNeg    . . .      Spirit   .    s - +0 ring mail
rPois   .          Reflect  .    (no helmet)
rElec   .          Harm     .    (no cloak)
rCorr   .          Rampage  .    (no gloves)
Will    .....                    (no boots)
Stlth   +                        l - amulet of faith
HPRegen 0.24/turn                n - ring of flight
MPRegen 0.08/turn                (no ring)

@: lethally poisoned (-3 -> -22), flying
A: no striking features
a: no special abilities


You were on level 3 of the Dungeon.
You visited 1 branch of the dungeon, and saw 3 of its levels.

You collected 126 gold pieces.

Inventory:

Hand Weapons
 a - a +0 falchion
 e - a +2 vampiric dagger (weapon)
Missiles
 g - 3 poisoned darts (quivered)
Armour
 b - a +0 robe
 s - a +0 ring mail (worn)
Jewellery
 l - an amulet of faith (around neck)
 n - a ring of flight (left hand)
Scrolls
 d - a scroll of torment
 f - a scroll of identify
 h - a scroll of brand weapon {unknown}
 j - 2 scrolls of fear {unknown}
 k - a scroll of immolation {unknown}
 o - a scroll of poison {unknown}
 t - a scroll of amnesia
 u - a scroll of teleportation
Potions
 c - a potion of ambrosia
 m - a potion of heal wounds {unknown}
 p - a potion of mutation {unknown}
 q - a potion of might {unknown}
 r - a potion of flight {unknown}
 v - a potion of attraction {unknown}


   Skills:
 - Level 3.0 Fighting
 + Level 2.6(3.4) Short Blades
 - Level 3.3(3.8) Long Blades
 - Level 3.0 Dodging
 - Level 2.0 Stealth


You had 2 spell levels left.
You didn't know any spells.
Your spell library was empty.

Dungeon Overview and Level Annotations

Branches:
Dungeon (3/15)

Altars:

Shops:
D:3 !

Annotations:
D:3 Terence


Message History

You are too confused!
Unknown command.
You closely miss Terence.
Terence is almost dead.
You feel sick.
Terence hits you with a +1 short sword of venom.
You are lethally poisoned!
You feel very sick. Terence barely misses you.
You feel very sick.
You bump into the rock wall.
You feel sick. Terence closely misses you.
You feel less invigorated.
You feel less confused.
You feel sick.
Terence hits you with a +1 short sword of venom.
You are more poisoned.
You hit Terence but do no damage.
Terence is almost dead.
You feel sick.
You hit Terence but do no damage.
Terence is almost dead.
You feel sick.
Terence hits you with a +1 short sword of venom.
You are more poisoned.
You hit Terence but do no damage.
Terence is almost dead.
You feel very sick.
Terence hits you with a +1 short sword of venom.
You hit Terence but do no damage.
Terence is almost dead.
You feel very sick.
Terence hits you with a +1 short sword of venom.
* * * LOW HITPOINT WARNING * * *
You are more poisoned.
You hit Terence but do no damage.
Terence is almost dead.
* * * LOW HITPOINT WARNING * * *
You feel very sick.
Terence hits you with a +1 short sword of venom.
You die...

## #..### #
#....# #
#.##.# #
#.##.# #
#.##.# #
#.##.# #
#.##.# #
#.##.# #
#@...# #
#.@..# ##
##...# .##
##..# ..###
########..#
......
....((....#
..####
########.##
.## #.# .#
#.#


You could see Terence.

Vanquished Creatures
  An adder (D:2)
  A worm (D:2)
  A dart slug (D:3)
  An orc (D:2)
  An endoplasm (D:2)
  2 goblins (D:1)
  3 hobgoblins
  3 kobolds
  7 ball pythons
  2 bats
  A frilled lizard (D:2)
  2 rats (D:2)
25 creatures vanquished.

Notes
Turn   | Place    | Note
-------+----------+-------------------------------------------
     0 | D:1      | Lavandula the Human Monk began the quest for the Orb.
     0 | D:1      | Reached XP level 1. HP: 18/18 MP: 1/1
   393 | D:1      | Reached XP level 2. HP: 14/24 MP: 2/2
   784 | D:1      | Reached skill level 1 in Short Blades
   834 | D:1      | You fall into a shaft and drop 1 floor!
   936 | D:2      | Reached XP level 3. HP: 26/29 MP: 3/3
  1571 | D:3      | Found Lyliq's Distillery.
  1663 | D:3      | Noticed Terence
  1700 | D:3      | HP: 1/29 [poisoned by Terence]
  1700 | D:3      | Slain by Terence

Illustrated notes

Levels and vault maps discovered:
D:1:      psy_arrival_conway, layout_basic
D:2:      layout_rooms
D:3:      layout_loops_ring, serial_shops, shop, minmay_mini_jars, uniq_terence,
          uniq_crazy_yiuf_cottage

Skill      XL: |  1  2  3 |
---------------+----------+-----
Short Blades   | 1 2 |  2.6
Fighting       | |  3.0
Long Blades    | |  3.3
Dodging        | |  3.0
Stealth        | |  2.0

Action                     || total
---------------------------++-------
  Melee: Dagger            ||   100
         Falchion          ||    13
  Throw: Dart              ||     2
    Use: Scroll            ||     4
         Potion            ||     3
   Stab: Sleeping          ||     3
 Armour: Robe              ||     6
         Ring mail         ||     6
  Dodge: Dodged            ||    66

Table legend: (Time is in decaauts)
 A = Elapsed time spent in this place.
 B = Non-inter-level travel time spent in this place.
 C = Inter-level travel time spent in this place.
 D = Time resting spent in this place.
 E = Time spent auto-exploring this place.
 F = Levels seen in this place.
 G = Mean time per level.
                   A        B        C        D        E       F      G
               +--------+--------+--------+--------+--------+-----+--------+
         Total |   1688 |   1643 |     45 |      0 |   1353 |   3 |  562.7 |
       Dungeon |   1688 |   1643 |     45 |      0 |   1353 |   3 |  562.7 |
               +--------+--------+--------+--------+--------+-----+--------+

Top non-repeatable levels by time:
     D:1: 974 daAuts
     D:2: 589 daAuts
     D:3: 124 daAuts
